 Dungeon Crawl Stone Soup version 0.18.1-8-gdd0e5ea (webtiles) character file.

80 senseless the Slasher (level 4, -2/40 HPs)
             Began as a Hill Orc Gladiator on June 9, 2016.
             Killed by Freeze
             ... invoked by mindo's ghost
              (8 damage)
             ... on level 3 of the Dungeon.
             The game lasted 00:05:12 (1635 turns).

senseless the Slasher (Hill Orc Gladiator)          Turns: 1635, Time: 00:05:12

Health: -2/40      AC:  4    Str: 17    XL:     4   Next: 39%
Magic:  4/4        EV: 12    Int:  8    God:
Gold:   78         SH:  0    Dex: 12    Spells: 0 memorised, 3 levels left

rFire  . . .     SeeInvis .     a - +0 long sword
rCold  . . .     Gourm    .     b - +0 leather armour
rNeg   . . .     Faith    .     (no shield)
rPois  .         Spirit   .     c - +0 helmet
rElec  .         Dismiss  .     (no cloak)
rCorr  .         Reflect  .     (no gloves)
SustAt .         Harm     .     (no boots)
MR     .....                    (no amulet)
Stlth  +.........               (no ring)
                                (no ring)

@: not resistant to hostile enchantments, very unstealthy
A: no striking features
a: no special abilities


You were on level 3 of the Dungeon.
You were hungry.

You visited 1 branch of the dungeon, and saw 3 of its levels.

You collected 78 gold pieces.

Inventory:

Hand Weapons
 a - a +0 long sword (weapon)
Missiles
 d - 3 throwing nets (quivered)
Armour
 b - a +0 leather armour (worn)
 c - a +0 helmet (worn)
Scrolls
 e - 3 scrolls of identify {unknown}
 h - 2 scrolls of random uselessness {unknown}
 k - a scroll of magic mapping {unknown}
 l - 2 scrolls of remove curse {unknown}
 o - a scroll of noise {unknown}
 q - a scroll of amnesia {unknown}
 t - a scroll of immolation {unknown}
Potions
 j - a potion of brilliance {unknown}
 m - a potion of berserk rage {unknown}
 n - a potion of lignification {unknown}
 p - a potion of resistance {unknown}
 r - a potion of flight {unknown}
Comestibles
 f - 2 bread rations
 g - 2 royal jellies
 i - a beef jerky
 s - 3 chunks of flesh


   Skills:
 * Level 3.7 Fighting
 + Level 3.8 Long Blades
 - Level 1.8 Throwing
 + Level 1.3 Armour
 + Level 3.0 Dodging


You had 3 spell levels left.
You didn't know any spells.

Dungeon Overview and Level Annotations

Branches:
Dungeon (3/15)

Altars:
Pakellas
Ru
Sif Muna
The Shining One

Annotations:
D:3 mindo's ghost, amateur HEIE


Message History

Mindo's ghost is moderately damaged.
Mindo's ghost points at you and mumbles some strange words.
You are frozen.
* * * LOW HITPOINT WARNING * * *
The hobgoblin hits you with a club.
* * * LOW HITPOINT WARNING * * *
Mindo's ghost barely misses you.
The hobgoblin hits you but does no damage.
You barely miss mindo's ghost.
Mindo's ghost is moderately damaged.
Mindo's ghost closely misses you. The hobgoblin hits you with a club.
* * * LOW HITPOINT WARNING * * *
You miss mindo's ghost.
Mindo's ghost is moderately damaged.
Mindo's ghost completely misses you. The hobgoblin closely misses you.
You hit mindo's ghost but do no damage.
Mindo's ghost is moderately damaged.
Mindo's ghost gestures at you while chanting.
You are frozen.
You die...

#######
##....>##.....##
##..............##
#..........?.....#
#..).............#
#<................
#..............<.#
#..........W.....#
#.........@).....#
##.........g......
##.....##.......#
############.##.
.. .# #


You could see mindo's ghost and a hobgoblin.

Vanquished Creatures
  4 adders
  A dart slug (D:2)
  A giant gecko (D:2)
  A ball python (D:2)
  4 bats
  2 giant cockroaches
  4 hobgoblins
  2 jackals (D:2)
  A giant newt (D:2)
  6 goblins
  7 kobolds
  9 rats
42 creatures vanquished.

Notes
Turn   | Place    | Note
--------------------------------------------------------------
     0 | D:1      | senseless the Hill Orc Gladiator began the quest for the Orb.
     0 | D:1      | Reached XP level 1. HP: 18/18 MP: 1/1
   197 | D:1      | Reached XP level 2. HP: 22/25 MP: 2/2
   321 | D:1      | Found a glowing golden altar of the Shining One.
   795 | D:2      | Reached XP level 3. HP: 30/30 MP: 3/3
  1103 | D:2      | Reached skill level 1 in Armour
  1123 | D:2      | Reached XP level 4. HP: 33/39 MP: 4/4
  1185 | D:2      | Found a sacrificial altar of Ru.
  1271 | D:2      | Found a faded altar to an unknown god.
  1548 | D:2      | Found an oddly glowing altar of Pakellas.
  1548 | D:2      | Found a deep blue altar of Sif Muna.
  1623 | D:3      | Noticed mindo's ghost (amateur HEIE)
  1635 | D:3      | Killed from afar by mindo's ghost

Skill      XL: |  1  2  3  4 |
---------------+-------------+-----
Fighting       | 3 |  3.7
Armour         | 1 |  1.3
Dodging        | 3 |  3.0
Long Blades    | |  3.8
Throwing       | |  1.8

Action                   |  1- 3 |  4- 6 || total
-------------------------+-------+-------++-------
Melee: Long sword        |   106 |    39 ||   145
 Stab: Sleeping          |       |     1 ||     1
  Eat: Chunk             |     1 |     1 ||     2
Armor: Leather armour    |    54 |    11 ||    65
Dodge: Dodged            |    80 |    23 ||   103
